 Dungeon Crawl Stone Soup version 0.30-a0-1043-g60ff8d5f49 (webtiles) character file.

Game seed: 8708293930937951401

942 tkbsonic5 the Ruffian (level 7, -4/59 HPs)
             Began as a Troll Air Elementalist on Apr 10, 2023.
             Was a Follower of Hepliaklqana.
             Shot with a bolt by an orc warrior (7 damage)
             ... on level 5 of the Dungeon on Apr 11, 2023.
             The game lasted 00:24:21 (6054 turns).

tkbsonic5 the Ruffian (Troll Air Elementalist)      Turns: 6054, Time: 00:24:23

Health: -4/59      AC:  5    Str: 17    XL:     7   Next: 88%
Magic:  4/9        EV: 10    Int: 13    God:    Hepliaklqana [*.....]
Gold:   175        SH:  0    Dex: 10    Spells: 1/10 levels left

rFire   + . .      SeeInvis .    l - +0 quarterstaff {self immolation}
rCold   x . .      Faith    .    (shield currently unavailable)
rNeg    . . .      Spirit   .    a - +0 robe
rPois   .          Reflect  .    (helmet restricted)
rElec   .          Rampage  .    k - +0 cloak
rCorr   .                        (gloves unavailable)
Will    .....                    (boots unavailable)
Stlth   +                        (no amulet)
HPRegen 1.09/turn                f - ring of fire
MPRegen 0.11/turn                (no ring)

@: no status effects
A: reduced essence, large, unfitting armour, claws 3, regeneration 1, shaggy fur
1, tough skin 1
a: Renounce Religion, Recall Ancestor, Ancestor Identity


You were on level 5 of the Dungeon.
You worshipped Hepliaklqana.
Hepliaklqana was aware of your devotion.
You visited 1 branch of the dungeon, and saw 5 of its levels.
You also visited: Sewer.

You collected 201 gold pieces.
You spent 26 gold pieces at shops.

Inventory:

Hand Weapons
 j - a +0 sling
 l - a +0 quarterstaff (weapon) {self immolation}
 p - the +1 war axe of the Freezing God {heavy, *Rage rElec Str+4}
   (You found it on level 3 of the Dungeon)

   Str:       It affects your strength (+4).
   rElec:     It insulates you from electricity.
   *Rage:     It berserks you when you make melee attacks (+20% chance).
 r - a +2 mace of holy wrath
Armour
 a - a +0 robe (worn)
 d - a +0 kite shield
 g - a +2 robe of cold resistance
 k - a +0 cloak (worn)
Jewellery
 f - a ring of fire (left claw)
 h - a +6 ring of strength
Wands
 c - a wand of roots (5) (quivered)
Scrolls
 e - a scroll of amnesia
 m - a scroll of identify
 s - a scroll of silence
Potions
 i - 3 potions of flight


   Skills:
 * Level 2.8 Fighting
 - Level 1.1 Axes
 * Level 0.0 Staves
 - Level 1.4 Armour
 * Level 2.4 Dodging
 - Level 1.0 Stealth
 - Level 3.1 Unarmed Combat
 + Level 2.2 Spellcasting
 * Level 2.7 Conjurations
 * Level 2.3 Fire Magic
 - Level 2.6 Air Magic
 + Level 0.0 Evocations


You had one spell level left.
You knew the following spells:

 Your Spells              Type           Power      Damage    Failure   Level
a - Shock                 Conj/Air       32%        1d5       9%          1
b - Static Discharge      Conj/Air       16%        2-3/arc   13%         2
c - Foxfire               Conj/Fire      48%        2x1d6     9%          1
d - Fireball              Conj/Fire      6%         3d5       94%         5

Your spell library contained the following spells:

 Spells                   Type           Power      Damage    Failure   Level
 Momentum Strike          Conj/Tloc      8%         3d8       22%         2
 Swiftness                Air            8%         N/A       26%         3
 Blink                    Tloc           2%         N/A       36%         2
 Lesser Beckoning         Tloc           2%         N/A       36%         2
 Airstrike                Air            4%         2d(1-17)  63%         4
 Plasma Beam              Fire/Air       5%         2x1d17    100%        6
 Starburst                Conj/Fire      6%         6d4       100%        6


Dungeon Overview and Level Annotations

Branches:
Dungeon (5/15)              Sewer (visited)
 Temple: D:4-7

Altars:
Hepliaklqana
Makhleb
Xom

Shops:
D:1 (*?


Innate Abilities, Weirdness & Mutations

Your life essence is reduced to manifest your ancestor. (-10% HP)
You are too large for most types of armour.
You have claws for hands.
Your natural rate of healing is unusually fast.
You are covered in fur. (AC +1)
You have tough skin. (AC +1)


Message History

The foxfire hits the orc warrior but does no damage.
The orc warrior is moderately wounded.
The foxfire hits the orc warrior but does no damage.
The orc warrior is moderately wounded.
The orc warrior unwields a +0 battleaxe of freezing.
The orc warrior wields a +0 arbalest.
The orc warrior shoots a bolt.
The bolt hits you!
You throw a curare-tipped dart.
The curare-tipped dart closely misses the orc warrior.
The orc warrior shoots a bolt.
The bolt hits you!
Your magical contamination has completely faded away.
The roots erupt in riotous growth!
Roots grab the orc warrior.
The grasping roots constrict the orc warrior.
The orc warrior shoots a bolt.
The bolt hits you!!
* * * LOW HITPOINT WARNING * * *
Okay, then.
The roots lose their grip on something.
Okay, then.
Okay, then.
Okay, then.
Okay, then.
Okay, then.
Okay, then.
You are too injured to fight recklessly!
Unknown command.
Aiming: Fastroot
Press: ? - help, Q - select action, (/) - cycle Shift-Dir - straight line, f/p - orc warrior
Aim: an orc warrior, wielding a +0 arbalest and wearing a +0 chain mail (heavily wounded)
The roots erupt in riotous growth!
Roots grab the orc warrior.
The grasping roots constrict the orc warrior, but do no damage.
The orc warrior shoots a bolt.
The bolt hits you!
* * * LOW HITPOINT WARNING * * *
Aiming: Fastroot
Press: ? - help, Q - select action, (/) - cycle Shift-Dir - straight line, f - you, p - orc warrior The roots erupt in riotous growth!
The grasping roots constrict the orc warrior.
The orc warrior shoots a bolt.
The bolt hits you!
You die...

**,,,,,*##...).###.....##..#.....
*,,,,,,,#...l...#.......##.÷.....
*,,,,,,,#.......#.......###÷>....
*,,,,,,,#.......#.......###.##...
**,,,,,**#..o..*##..†..##...##...
***,,,** *#...** ##)..###.#####..
,,**+#######o#######'###..# ##.
,,,,,....................## ##
,,,,,...........@.......## #
,,,,,........[..........#
,***+#######)#######'####
,**,,,** ##...## ##...##
**,,,,,*##.....###.....##
*,,,,,,,#.......#.......#
*,,,,,,,#.......#.......#
*,,,,,,,#.......#.......#
**,,,,,*##.....###.....##


You could see an orc warrior (rooted).

Vanquished Creatures
  Grinder (D:4)
  Duvessa (D:5)
  A centaur (D:5)
  A phantom (D:4)
  2 kobold brigands (Sewer)
  Dowan (D:5)
  A hound (D:5)
  An orc priest (D:3)
  An orc wizard (D:5)
  5 gnolls
  4 adders
  2 river rats
  4 dart slugs
  A worm (D:3)
  11 orcs
  2 bats
  11 endoplasms
  7 giant cockroaches
  3 hobgoblins
  7 jackals
  7 kobolds
  7 quokkas
  9 ball pythons
  A frilled lizard (D:1)
  2 goblins
  14 rats
107 creatures vanquished.

Vanquished Creatures (collateral kills)
  An orc (D:5)
  A jackal (D:5)
2 creatures vanquished.

Vanquished Creatures (others)
  2 ancestors (D:5)
  208 foxfires
210 creatures vanquished.

Grand Total: 319 creatures vanquished

Notes
Turn   | Place    | Note
-------+----------+-------------------------------------------
     0 | D:1      | tkbsonic5 the Troll Air Elementalist began the quest for
                  | the Orb.
     0 | D:1      | Reached XP level 1. HP: 16/16 MP: 1/1
   132 | D:1      | Reached XP level 2. HP: 14/26 MP: 0/3
   147 | D:1      | Learned a level 2 spell: Static Discharge
   297 | D:1      | Found Xaimen's General Store.
   318 | D:1      | Found Soujeumex's Antique Weapon Shop.
   377 | D:1      | Reached skill level 1 in Conjurations
   887 | D:1      | Reached skill level 1 in Unarmed Combat
   924 | D:1      | Found Femev's Magic Scroll Shoppe.
   929 | D:1      | Reached XP level 3. HP: 25/32 MP: 1/4
   967 | D:1      | Bought a scroll of identify for 26 gold pieces
  1183 | D:2      | Learned a level 1 spell: Foxfire
  1558 | D:2      | Reached skill level 1 in Fighting
  1968 | D:2      | Reached XP level 4. HP: 41/41 MP: 1/5
  2115 | D:2      | Found a faded altar of an unknown god.
  2735 | D:3      | Found a glowing drain.
  2881 | Sewer    | Entered a sewer
  3104 | Sewer    | Noticed a kobold brigand
  3112 | Sewer    | Killed a kobold brigand
  3113 | Sewer    | Reached skill level 2 in Unarmed Combat
  3113 | Sewer    | Reached skill level 1 in Fire Magic
  3113 | Sewer    | Reached XP level 5. HP: 43/48 MP: 0/6
  3259 | Sewer    | Found a white marble altar of Elyvilon.
  3474 | D:3      | Found a hazy altar of Hepliaklqana.
  3513 | D:3      | Reached XP level 6. HP: 57/57 MP: 5/7
  3563 | D:3      | Identified the +1 war axe of the Freezing God {heavy, *Rage
                  | rElec Str+4}
  3586 | D:3      | Became a worshipper of Hepliaklqana the Forgotten
  4411 | D:4      | Noticed Grinder
  4422 | D:4      | Killed Grinder
  4423 | D:4      | Reached XP level 7. HP: 54/65 MP: 9/9
  5114 | D:4      | Reached * piety under Hepliaklqana
  5140 | D:4      | Reached skill level 1 in Armour
  5459 | D:4      | Learned a level 5 spell: Fireball
  5492 | D:5      | Entered Level 5 of the Dungeon
  5624 | D:5      | Noticed Dowan
  5636 | D:5      | Noticed Duvessa
  5649 | D:5      | Killed Dowan
  5649 | D:5      | Killed Duvessa
  5650 | D:5      | Reached skill level 1 in Axes
  5650 | D:5      | Reached skill level 3 in Unarmed Combat
  5753 | D:5      | Found a shimmering altar of Xom.
  5754 | D:5      | Found a shimmering altar of Xom.
  5755 | D:5      | Found a shimmering altar of Xom.
  5755 | D:5      | Found a shimmering altar of Xom.
  5766 | D:5      | Found a shimmering altar of Xom.
  5768 | D:5      | Found a shimmering altar of Xom.
  5887 | D:5      | Found a burning altar of Makhleb.
  6053 | D:5      | HP: 2/59 [orc warrior/bolt (16)]
  6054 | D:5      | Shot with a bolt by an orc warrior

Illustrated notes

Levels and vault maps discovered:
D:1:      psy_arrival_dodecagon, layout_basic, serial_shops, nicolae_shop_stone,
          shop_fountains, shop
D:2:      layout_basic, hellmonk_ecumenical_altar_inner_sanctum
D:3:      layout_loops_ring, mainiacjoe_overflow_concentric_impassable,
          portal_sewer_entry_e
D:4:      layout_layer_cave, uniq_grinder
D:5:      kennysheep_six_static_rooms, layout_basic, makhleb_heckhound_becter,
          xom_redecorated, uniq_duvessa

Skill      XL: |  1  2  3  4  5  6  7 |
---------------+----------------------+-----
Conjurations   | 1 2 |  2.7
Unarmed Combat | 1 2 3 |  3.1
Fighting       | 1 2 |  2.8
Fire Magic     | 1 2 |  2.3
Spellcasting   | 2 |  2.2
Dodging        | 2 |  2.4
Armour         | 1 |  1.4
Axes           | 1 |  1.1
Stealth        | |  1.0
Air Magic      | |  2.6

Action                     |  1- 3 |  4- 6 |  7- 9 || total
---------------------------+-------+-------+-------++-------
  Melee: Unarmed           |    57 |    42 |    26 ||   125
         Punch             |     2 |       |     1 ||     3
         War axe           |       |    11 |       ||    11
         Quarterstaff      |       |       |     2 ||     2
  Throw: Dart              |       |       |     1 ||     1
   Cast: Shock             |    33 |     7 |       ||    40
         Static Discharge  |     2 |     4 |     5 ||    11
         Foxfire           |    18 |    77 |    42 ||   137
 Invoke: Ancestor Identity |       |       |     1 ||     1
  Evoke: Wand              |       |       |     3 ||     3
    Use: Scroll            |     8 |     6 |     3 ||    17
         Potion            |       |     4 |     9 ||    13
   Stab: Sleeping          |       |       |     1 ||     1
 Armour: Robe              |    15 |    11 |     3 ||    29
         Skin              |       |       |     7 ||     7
  Dodge: Dodged            |    27 |    33 |    15 ||    75

Table legend: (Time is in decaauts)
 A = Elapsed time spent in this place.
 B = Non-inter-level travel time spent in this place.
 C = Inter-level travel time spent in this place.
 D = Time resting spent in this place.
 E = Time spent auto-exploring this place.
 F = Levels seen in this place.
 G = Mean time per level.
                   A        B        C        D        E       F      G
               +--------+--------+--------+--------+--------+-----+--------+
         Total |   6032 |   5796 |    236 |    665 |   4250 |   6 | 1005.3 |
       Dungeon |   5612 |   5376 |    236 |    509 |   4069 |   5 | 1122.4 |
         Sewer |    419 |    419 |      0 |    156 |    181 |   1 |  419.0 |
               +--------+--------+--------+--------+--------+-----+--------+

Top non-repeatable levels by time:
     D:2: 1388 daAuts
     D:3: 1331 daAuts
     D:1: 1171 daAuts
     D:4: 1160 daAuts
     D:5: 561 daAuts
   Sewer: 419 daAuts
